 Dungeon Crawl Stone Soup version 0.30-b1-2-g02819fbbbe (webtiles) character file.

Game seed: 2988317653717273257

815 Metae the Covered (level 7, 0/62 HPs)
             Began as a Minotaur Fighter on July 3, 2023.
             Killed from afar by Dowan (7 damage)
             ... with a puff of flame
             ... on level 5 of the Dungeon.
             The game lasted 00:06:51 (3490 turns).

Metae the Covered (Minotaur Fighter)                Turns: 3490, Time: 00:06:51

Health: 0/62       AC: 11    Str: 23    XL:     7   Next: 62%
Magic:  6/6        EV:  9    Int:  5    God:
Gold:   254        SH:  5    Dex:  9    Spells: 6/6 levels left

rFire   . . .        h - +0 dagger (drain)
rCold   . . .        c - +0 buckler
rNeg    . . .        q - +0 chain mail
rPois   .            (helmet restricted)
rElec   .            (no cloak)
rCorr   +            (no gloves)
SInv    .            x - +0 pair of boots
Will    .....        (no amulet) Stlth
                     i - ring of resist corrosion
HPRegen 0.30/turn    (no ring)
MPRegen 0.10/turn

%: no passive effects
@: no status effects
A: horns 2, retaliatory headbutt
a: no special abilities


You were on level 5 of the Dungeon.
You visited 1 branch of the dungeon, and saw 5 of its levels.

You collected 254 gold pieces.

Inventory:

Hand Weapons
 a - a +0 war axe
 h - a +0 dagger of draining (weapon)
Missiles
 u - 8 poisoned darts (quivered)
Armour
 c - a +0 buckler (worn)
 q - a +0 chain mail (worn)
 x - a +0 pair of boots (worn)
Jewellery
 i - a ring of resist corrosion (left hand)
 y - a ring of willpower
Wands
 r - a wand of flame (16)
 C - a wand of mindburst (10)
Scrolls
 g - 2 scrolls of fear {unknown}
 j - 2 scrolls of noise {unknown}
 k - 9 scrolls of identify {unknown}
 l - a scroll of vulnerability {unknown}
 m - a scroll of silence {unknown}
 n - a scroll of teleportation {unknown}
 o - a scroll of acquirement {unknown}
 p - a scroll of blinking {unknown}
 s - a scroll of amnesia {unknown}
 v - 2 scrolls of enchant weapon {unknown}
 w - a scroll of fog {unknown}
 A - a scroll of immolation {unknown}
Potions
 b - a potion of lignification {unknown}
 d - a potion of might
 e - a potion of heal wounds {unknown}
 f - 2 potions of curing {unknown}
 t - 2 potions of brilliance {unknown}
 z - a potion of haste {unknown}
 B - 2 potions of attraction {unknown}


   Skills:
 + Level 5.9 Fighting
 + Level 3.7 Short Blades
 - Level 2.8 Axes
 + Level 5.9 Armour
 + Level 3.7 Dodging
 + Level 5.8 Shields


You had 6 spell levels left.
You didn't know any spells.
Your spell library contained the following spells:

 Spells                   Type           Power      Damage    Failure   Level
 Shock                    Conj/Air       0%         1d3       98%         1
 Swiftness                Air            0%         N/A       100%        3
 Airstrike                Air            0%         2d(0-16)  100%        4
 Olgreb's Toxic Radiance  Pois           0%         N/A       100%        4
 Discord                  Hex            0%         N/A       100%        8
 Ignition                 Fire           0%         3d3       100%        8


Dungeon Overview and Level Annotations

Branches:
Dungeon (5/15)
 Temple: D:4-7

Altars:
Cheibriados
Gozag
Kikubaaqudgha
Nemelex Xobeh
Zin

Annotations:
D:5 Dowan


Innate Abilities, Weirdness & Mutations

You have a pair of horns on your head.
You reflexively headbutt those who attack you in melee.


Message History

You closely miss Dowan. You headbutt Dowan.
Dowan is moderately wounded.
Dowan barely misses you.
You barely miss Dowan.
Dowan is moderately wounded.
Dowan gestures at you while chanting. The stone arrow hits you.
Dowan zaps a wand.
The puff of flame hits you.
You barely miss Dowan.
Dowan is moderately wounded.
Dowan hits you with a +0 dagger.
You miss Dowan. You headbutt Dowan.
Dowan is moderately wounded.
Dowan hits you with a +0 dagger.
You barely miss Dowan.
Dowan is moderately wounded.
Dowan barely misses you. You furiously retaliate!
You headbutt Dowan. The dart slug barely misses you.
You miss Dowan. Your headbutt misses Dowan.
Dowan is heavily wounded.
Dowan hits you but does no damage.
You hit Dowan but do no damage.
Dowan is heavily wounded.
Dowan hits you with a +0 dagger. The dart slug launches a dart at you.
The slug dart hits you. Dowan hits you with a +0 dagger.
You hit Dowan but do no damage.
Dowan is heavily wounded.
Dowan casts a spell at you. The stone arrow hits you!
* * * LOW HITPOINT WARNING * * *
You barely miss Dowan.
Dowan is heavily wounded.
Dowan hits you with a +0 dagger.
* * * LOW HITPOINT WARNING * * *
The dart slug bites you.
* * * LOW HITPOINT WARNING * * *
You closely miss Dowan. Your headbutt misses Dowan.
Dowan is heavily wounded.
Dowan zaps a wand.
The puff of flame hits you!
You die...

.......###.....###....#..#.#
.......# #.........#.......#
.....#.###w...............###
...$.....#..................#
........#..g............)...#
.#............###.)).......##
#.<.........## ##รท)......##
.........## ###....##.##
.........####@.........#
............ew.........#
......................##
....######.#######...... ....
.... #...... ... ###.##
#..... ... ..... #.# .....
...


You could see Dowan (fast) and a dart slug.

Vanquished Creatures
  Duvessa (D:5)
  2 ogres
  2 phantoms
  A scorpion (D:3)
  A jelly (D:4)
  2 hounds
  An iguana (D:4)
  Ijyb (D:5)
  A mummy (D:3)
  Robin (D:4)
  3 gnolls (D:5)
  7 adders
  A worm (D:4)
  A dart slug (D:1)
  2 orcs (D:3)
  7 bats
  6 endoplasms
  6 giant cockroaches
  6 goblins
  11 hobgoblins
  9 ball pythons
  3 frilled lizards
  7 kobolds
  6 rats
88 creatures vanquished.

Notes
Turn   | Place    | Note
-------+----------+-------------------------------------------
     0 | D:1      | Metae the Minotaur Fighter began the quest for the Orb.
     0 | D:1      | Reached XP level 1. HP: 19/19 MP: 0/0
   116 | D:1      | Reached XP level 2. HP: 27/27 MP: 1/1
   606 | D:2      | Reached XP level 3. HP: 33/33 MP: 2/2
  1581 | D:3      | Reached skill level 1 in Dodging
  1583 | D:3      | Reached skill level 1 in Short Blades
  1604 | D:3      | Reached XP level 4. HP: 38/40 MP: 3/3
  1618 | D:3      | Noticed a scorpion
  1628 | D:3      | Killed a scorpion
  1636 | D:3      | Reached XP level 5. HP: 32/47 MP: 4/4
  1867 | D:3      | Found a snail-covered altar of Cheibriados.
  2004 | D:3      | Found a sparkling altar of Nemelex Xobeh.
  2551 | D:4      | Noticed an ogre
  2558 | D:4      | Killed an ogre
  2559 | D:4      | Reached skill level 5 in Fighting
  2559 | D:4      | Reached skill level 5 in Armour
  2559 | D:4      | Reached skill level 5 in Shields
  2559 | D:4      | Reached XP level 6. HP: 32/56 MP: 5/5
  2758 | D:4      | Found a glowing silver altar of Zin.
  2758 | D:4      | Found an opulent altar of Gozag.
  2849 | D:4      | Found an ancient bone altar of Kikubaaqudgha.
  2938 | D:5      | Entered Level 5 of the Dungeon
  3227 | D:5      | Reached XP level 7. HP: 61/61 MP: 6/6
  3237 | D:5      | Noticed Dowan
  3238 | D:5      | Noticed Ijyb
  3239 | D:5      | Noticed Robin
  3239 | D:5      | Noticed Duvessa
  3281 | D:5      | Killed Ijyb
  3466 | D:4      | Killed Robin
  3480 | D:5      | Killed Duvessa
  3490 | D:5      | Killed from afar by Dowan

Illustrated notes

Levels and vault maps discovered:
D:1:      dpeg_arrival_simpleton_b, layout_rooms, minmay_pentomino_s4
D:2:      layout_basic
D:3:      minmay_chambers_of_twos, layout_basic,
          nemelex_xobeh_ov_fountains_minmay, slow_altar_2,
          minmay_tree_intersection
D:4:      layout_basic, grunt_temple_overflow_gold_and_silver, marbit_many_paths
D:5:      layout_cave_pools, nicolae_ru_sacrificial_ziggurat,
          minmay_shop_grid_forest, roderic_roman_lattice, nicolae_goblin_pals,
          uniq_duvessa

Skill      XL: |  1  2  3  4  5  6 |
---------------+-------------------+-----
Fighting       | 4 5 |  5.9
Shields        | 4 5 |  5.8
Armour         | 4 5 |  5.9
Dodging        | 1 2 3 |  3.7
Short Blades   | 1 2 3 |  3.7
Axes           | |  2.8

Action                     |  1- 3 |  4- 6 |  7- 9 || total
---------------------------+-------+-------+-------++-------
  Melee: War axe           |    28 |       |       ||    28
         Headbutt          |    15 |    30 |    16 ||    61
         Dagger            |    59 |   151 |    62 ||   272
 Armour: Scale mail        |    22 |       |       ||    22
         Chain mail        |    26 |    73 |    40 ||   139
  Dodge: Dodged            |    40 |    67 |    29 ||   136
  Block: Buckler           |    24 |    39 |    14 ||    77
